 Dungeon Crawl Stone Soup version 0.25.1-2-g60ff931df9 (webtiles) character file.

Game seed: 539813561590172753

54 funkygono the Digger (level 3, -6/20 HPs)
             Began as a Gargoyle Earth Elementalist on Sept 16, 2020.
             Killed from afar by Sigmund (11 damage)
             ... with a puff of flame
             ... on level 3 of the Dungeon.
             The game lasted 00:04:08 (2191 turns).

funkygono the Digger (Gargoyle Earth Elementalist)  Turns: 2191, Time: 00:04:08

Health: -6/20      AC:  5    Str: 11    XL:     3   Next: 91%
Magic:  1/6        EV: 12    Int: 16    God:
Gold:   47         SH:  0    Dex: 10    Spells: 2/6 levels left

rFire    . . .     SeeInvis .   o - +0 quarterstaff
rCold    . . .     Gourm    .   (shield currently unavailable)
rNeg     + . .     Faith    .   c - +0 robe
rPois    ∞         Spirit   .   (no helmet)
rElec    +         Reflect  .   (no cloak)
rCorr    .         Harm     .   (no gloves)
MR       .....                  (no boots)
Stlth    ++........             (no amulet)
HPRegen  0.06/turn              (no ring)
MPRegen  0.10/turn              (no ring)

@: no status effects
A: negative energy resistance 1, electricity resistance, unbreathing,
petrification resistance, rot immunity, AC +3
a: no special abilities


You were on level 3 of the Dungeon.
You were not hungry.

You visited 1 branch of the dungeon, and saw 3 of its levels.

You collected 47 gold pieces.

Inventory:

Hand Weapons
 a - a +1 whip
 o - a +0 quarterstaff (weapon)
Missiles
 b - 38 stones (quivered)
Armour
 c - a +0 robe (worn)
Wands
 q - a wand of paralysis (9)
Scrolls
 f - a scroll of identify
Potions
 e - a potion of cancellation
 g - 2 potions of curing
 h - a potion of might {unknown}
 i - a potion of experience {unknown}
 j - a potion of mutation {unknown}
 l - a potion of degeneration {unknown}
 m - a potion of heal wounds {unknown}
 n - a potion of flight {unknown}
 p - a potion of berserk rage {unknown}
Comestibles
 d - 8 rations


   Skills:
 + Level 0.9 Fighting
 + Level 0.2 Maces & Flails
 + Level 1.8 Dodging
 + Level 2.2 Stealth
 + Level 2.3 Spellcasting
   Level 0.7 Transmutations
 * Level 5.0 Earth Magic


You had 2 spell levels left.
You knew the following spells:

 Your Spells              Type           Power        Failure   Level  Hunger
a - Sandblast             Erth           ###...       2%          1    #......
b - Stone Arrow           Conj/Erth      #.....       22%         3    ###....

Your spell library contained the following spells:

 Spells                   Type           Power        Failure   Level  Hunger
 Passwall                 Tmut/Erth      ##......     10%         2    ###....
 Petrify                  Tmut/Erth      ##......     52%         4    #####..
 Lee's Rapid Deconstruct  Erth           ###.......   56%         5    ######.


Dungeon Overview and Level Annotations

Branches:
Dungeon (3/15)

Altars:

Annotations:
D:3 Sigmund


Innate Abilities, Weirdness & Mutations

You are resistant to torment.
Your stone body is resilient. (AC +3)
You are immune to poison.
You resist negative energy. (rN+)
You are resistant to electric shocks. (rElec)
You can survive without breathing.
You are immune to petrification.
You are immune to rotting.


Message History

Aiming: Sandblast (safe; 2% risk of failure)
Press: ? - help, Shift-Dir - straight line, f/p - Sigmund
Aim: Sigmund, wielding a +0 scythe, wearing a +2 robe of magic resistance and carrying a wand of flame (9) (severely wounded)
The blast of sand hits Sigmund.
Sigmund is severely wounded.
b - 39 stones Sigmund looks at you with fury.
Sigmund points at you and mumbles some strange words.
The puff of flame misses you.
The puff of flame hits the plant.
Casting: Sandblast (safe; 2% risk of failure)
Confirm with . or Enter, or press ? or * to list all spells.
Aiming: Sandblast (safe; 2% risk of failure)
Press: ? - help, Shift-Dir - straight line, f/p - Sigmund
Aim: Sigmund, wielding a +0 scythe, wearing a +2 robe of magic resistance and carrying a wand of flame (9) (severely wounded)
The blast of sand hits Sigmund!
Sigmund is almost dead.
b - 38 stones Sigmund zaps a wand.
The puff of flame hits you!
Ouch! That really hurt!
You die...

#......♣♣♣♣ #....♣♣
#.........#####...#♣♣
###.............#.♣♣♣
#...♣...#.#.......P
##...♣♣♣.#.##...♣♣..
#..P♣♣.♣.#.###.#♣P♣♣
#.....PP.#.# #.##♣
#.#....###.# #.#
#.#@##.# #.# #+#
#.#.# .# #.# #..@. .
####.# # .. ... + ...
# ..##


You could see Sigmund.

Vanquished Creatures
  2 adders
  A worm (D:2)
  2 dart slugs (D:1)
  A leopard gecko (D:1)
  2 ball pythons
  A giant cockroach (D:1)
  A goblin (D:3)
  3 hobgoblins
  4 kobolds
  A quokka (D:2)
  5 bats
  A frilled lizard (D:1)
  5 rats
29 creatures vanquished.

Notes
Turn   | Place    | Note
-------+----------+-------------------------------------------
     0 | D:1      | funkygono the Gargoyle Earth Elementalist began the quest
                  | for the Orb.
     0 | D:1      | Reached XP level 1. HP: 10/10 MP: 3/3
   523 | D:1      | Reached XP level 2. HP: 16/16 MP: 3/5
   606 | D:1      | Reached skill level 4 in Earth Magic
  1303 | D:2      | Reached XP level 3. HP: 18/20 MP: 1/6
  1839 | D:3      | Learned a level 3 spell: Stone Arrow
  2012 | D:3      | Reached skill level 5 in Earth Magic
  2184 | D:3      | Noticed Sigmund
  2191 | D:3      | Killed from afar by Sigmund

Illustrated notes

Levels and vault maps discovered:
D:1:      dpeg_arrival_concentric_ovals, layout_basic, serial_forest,
          infiniplex_forest_lined_3, infiniplex_forest_end_1,
          infiniplex_forest_end_double, infiniplex_forest_end_2,
          infiniplex_forest_clump_cross, infiniplex_forest_diagonal,
          infiniplex_forest_clump_double
D:2:      layout_loops_ring
D:3:      layout_loops_corners, overflow_temple_1_default, serial_forest,
          infiniplex_forest_lined_3_way, infiniplex_forest_clump_small,
          infiniplex_forest_straight_4, infiniplex_forest_side_room,
          infiniplex_forest_clump_large, infiniplex_forest_clump_medium,
          infiniplex_forest_end_2, infiniplex_forest_lined_corner,
          infiniplex_forest_side_room, first_ration, uniq_sigmund

Skill      XL: |  1  2  3 |
---------------+----------+-----
Earth Magic    | 4 5 |  5.0
Fighting       | |  0.9
Maces & Flails | |  0.2
Dodging        | |  1.8
Stealth        | |  2.2
Spellcasting   | |  2.3
Transmutations | |  0.7

Action                   || total
-------------------------++-------
Melee: Whip              ||    21
 Cast: Sandblast         ||    55
  Use: Scroll            ||     6
  Eat: Chunk             ||     5
Armor: Robe              ||    16
Dodge: Dodged            ||    28
